 Dungeon Crawl Stone Soup version 0.18-a0-1160-geb89fc2 (webtiles) character file.

11459 dvd the Nimble (level 11, -4/97 HPs)
             Began as a Deep Dwarf Artificer on Jan 24, 2016.
             Was a Believer of Pakellas.
             Slain by a five-headed hydra (7 damage)
             ... on level 1 of the Lair of Beasts.
             The game lasted 01:09:10 (11027 turns).

dvd the Nimble (Deep Dwarf Artificer)              Turns: 11027, Time: 01:09:10

Health: -4/97      AC: 11    Str: 16    XL:     11   Next: 49%
Magic:  5/10       EV: 23    Int: 16    God:    Pakellas [**....]
Gold:   645        SH:  0    Dex: 15    Spells: 0 memorised, 10 levels left

rFire  . . .     SeeInvis +     J - +2 hand axe (flame)
rCold  . . .     Gourm    .     n - +4 ring mail of Somewhere Else {*Drain *Confuse rN++ rCorr}
rNeg   + + +     Faith    .     (no shield)
rPois  .         Spirit   .     N - -4 helmet "Qougyten" {rElec Int+3 SInv Stlth-}
rElec  +         Dismiss  .     x - +0 cloak
rCorr  +         Reflect  +     P - +0 pair of gloves
SustAt .         Harm     .     l - +0 pair of boots
MR     +....                    K - +5 amulet of reflection
Stlth  ..........               Q - ring of positive energy
                                j - +5 ring of evasion

@: confused, non-regenerating, somewhat resistant to hostile enchantments,
extremely unstealthy
A: damage resistance, recharge devices, sense surroundings 2, slow regeneration
3
a: Device Recharging, Quick Charge, Renounce Religion


You were on level 1 of the Lair of Beasts.
You worshipped Pakellas.
Pakellas was pleased with you.
You were hungry.

You visited 3 branches of the dungeon, and saw 13 of its levels.

You collected 927 gold pieces.
You spent 282 gold pieces at shops.

Inventory:

Hand Weapons
 o - a +5 whip of flaming
 r - a +1 mace of freezing
 A - a +3 battleaxe of freezing
 B - a +1 mace of protection
 C - a +1 dagger of draining
 G - a +2 short sword of venom
 J - a +2 hand axe of flaming (weapon)
Armour
 l - a +0 pair of boots (worn)
 n - the +4 ring mail of Somewhere Else (worn) {*Drain *Confuse rN++ rCorr}
   (You found it on level 10 of the Dungeon)

   It greatly protects you from negative energy.
   It protects you from acid and corrosion.
   It causes draining when unequipped.
   It may confuse you when you take damage.
 x - a +0 cloak (worn)
 y - a +3 leather armour of fire resistance
 H - a +0 ring mail of positive energy
 N - the -4 helmet "Qougyten" (worn) {rElec Int+3 SInv Stlth-}
   (You found it on level 8 of the Dungeon)

   It affects your intelligence (+3).
   It insulates you from electricity.
   It lets you see invisible.
   It makes you less stealthy.
 P - a +0 pair of gloves (worn)
 V - a +0 helmet
Jewellery
 a - the ring "Ranop" {*Tele Dex+3 SInv}
   (You bought it in a shop on level 10 of the Dungeon)

   [ring of teleportation]

   It may teleport you next to monsters.
   It affects your dexterity (+3).
   It lets you see invisible.
 h - an uncursed amulet of harm
 j - a +5 ring of evasion (left hand)
 p - an uncursed amulet of dismissal
 q - a +2 ring of protection
 s - a cursed -4 ring of dexterity {unknown}
 v - an uncursed amulet of the gourmand
 K - a +5 amulet of reflection (around neck)
 O - an uncursed ring of resist corrosion
 Q - a ring of positive energy (right hand)
Wands
 c - a wand of flame (0/48)
 d - a wand of enslavement (0/24)
 f - a wand of heal wounds (0/9)
 u - a wand of polymorph (9/24)
 z - a wand of fire (3/15)
 F - a wand of teleportation (3/9)
 S - a wand of cold (3/15)
 X - a wand of random effects (26/48)
Scrolls
 b - a scroll of vulnerability {unknown}
 e - 3 scrolls of magic mapping
 w - 10 scrolls of identify
 E - a scroll of fear
 I - 4 scrolls of remove curse
 L - 3 scrolls of teleportation
 T - a scroll of amnesia
Potions
 k - 2 potions of flight
 M - 2 potions of agility
 W - a potion of might
Comestibles
 g - 7 bread rations
 i - 3 fruits
 m - 5 slices of pizza
 t - 10 beef jerkies
 D - 4 meat rations
 R - 8 royal jellies


   Skills:
 + Level 6.2 Fighting
 + Level 1.5 Short Blades
 + Level 6.3(7.4) Axes
 + Level 5.4(6.6) Maces & Flails
 + Level 5.7 Armour
 + Level 13.0 Dodging
 + Level 5.1 Stealth
 + Level 8.6 Evocations


You had 10 spell levels left.
You didn't know any spells.

Dungeon Overview and Level Annotations

Branches:
Dungeon (11/15)            Temple (1/1) D:5            Lair (1/8) D:11
    Orc (0/2) D:10

Altars:
Ashenzari
Cheibriados
Dithmenos
Elyvilon
Fedhas
Gozag
Kikubaaqudgha
Makhleb
Nemelex Xobeh
Okawaru
Pakellas
Qazlal
Ru
Sif Muna
Trog
Vehumet
Xom
Yredelemnul
Zin
The Shining One

Shops:
D:10 (?([*

Annotations:
D:5 YrmMerkstave's ghost, novice DsNe
D:7 pedritolo's ghost, novice OgCK


Innate Abilities, Weirdness & Mutations

You are resistant to damage.
You can recharge devices by infusing magical energy.
You passively map the area around you.
You do not regenerate naturally.


Message History

The five-headed hydra closely misses you.
The komodo dragon moves out of view.
A crocodile comes into view.
You're too confused to move!
The porcupine bites you but does no damage.
The crocodile moves out of view.
The five-headed hydra bites you but does no damage.
The five-headed hydra bites you!
* * * LOW HITPOINT WARNING * * *
The five-headed hydra bites you but does no damage. x2
The five-headed hydra misses you.
Evoke which item? (* to show all) (? for menu, Esc to quit)
Zapping:
f - a wand of heal wounds (1/9)
Press: ? - help, Shift-Dir - straight line, f - you, p - iguana Nothing appears to happen.
This wand has 0 charges left.
The porcupine barely misses you.
The five-headed hydra completely misses you.
The five-headed hydra closely misses you.
The five-headed hydra bites you!
You die...

+ *.l+ * * , #D.
#######+## #.. * , *
#........# #.# * *
#........# #.# ,, *
+........# ###.## * *
#........######.#..######
* *
#........#.Dl.tl.........
*
#........r@####...##..#.#
* #........### ##.## * #
** ** ##.P.'#### #..# ,
###..# #..# * * #...##
#..# ## #..## #.## .#
#.## #.# #. .# ###'######
##.## #.. .# ##P.......#
####...######.>.


You could see a five-headed hydra, a komodo dragon, a crocodile, an iguana and a
porcupine.

Vanquished Creatures
  The ghost of st0uf the Transmogrifier, a journeyman DrTm of Makhleb (D:10)
  2 hydras (Lair:1)
  An unseen horror (D:10)
  A spiny frog (Lair:1)
  A komodo dragon (Lair:1)
  A queen bee (D:9)
  A wyvern (D:10)
  4 yaks (Lair:1)
  2 ice beasts
  A basilisk (Lair:1)
  A wraith (D:10)
  A hungry ghost (D:9)
  A wolf (D:6)
  3 water moccasins
  A swamp worm (D:11)
  Duvessa (D:7)
  A porcupine (Lair:1)
  A swamp drake (D:10)
  4 sky beasts
  3 black bears
  A necrophage (D:7)
  6 orc warriors
  5 ogres
  3 phantoms
  4 centaurs
  A tengu (D:6)
  A big kobold (D:10)
  A gnoll sergeant (D:9)
  4 giant frogs
  Dowan (D:7)
  32 killer bees
  A water moccasin skeleton (D:5)
  8 wights
  3 crimson imps
  A quasit (D:9)
  A centaur zombie (D:4)
  A centaur skeleton (D:8)
  4 hounds
  2 giant frog skeletons
  3 orc priests
  3 giant frog zombies
  A jelly (D:6)
  7 orc wizards
  3 iguanas
  3 worker ants
  A hound skeleton (D:10)
  10 adders
  4 gnolls
  4 river rats (D:11)
  2 shadow imps
  An ooze (D:2)
  2 adder skeletons
  A worm (D:4)
  7 giant geckos
  42 orcs
  A ball python (D:1)
  18 bats
  5 giant cockroaches
  9 goblins
  14 hobgoblins
  3 jackals
  14 kobolds
  6 quokkas
  A giant gecko zombie (D:8)
  3 giant newts
  18 rats
  6 fungi (D:11)
304 creatures vanquished.

Vanquished Creatures (collateral kills)
  An ogre (D:5)
  An iguana (D:5)
  An adder (D:3)
  2 bats
  2 giant cockroaches
  2 goblins
  A hobgoblin (D:3)
  A jackal (D:5)
11 creatures vanquished.

Vanquished Creatures (others)
  An orc wizard (D:10)
  2 adders (D:3)
  2 orcs (D:10)
  A kobold (D:10)
  A goblin (D:1)
  A fungus (D:11)
8 creatures vanquished.

Grand Total: 323 creatures vanquished

Notes
Turn   | Place    | Note
--------------------------------------------------------------
     0 | D:1      | dvd the Deep Dwarf Artificer began the quest for the Orb.
     0 | D:1      | Reached XP level 1. HP: 16/16 MP: 3/3
   257 | D:1      | Reached skill level 1 in Fighting
   257 | D:1      | Reached XP level 2. HP: 2/25 MP: 5/5
   342 | D:1      | Reached skill level 1 in Short Blades
   472 | D:1      | Reached skill level 5 in Evocations
   491 | D:1      | Reached XP level 3. HP: 31/31 MP: 6/6
  1015 | D:2      | Found a bloodstained altar of Trog.
  1294 | D:2      | Reached skill level 1 in Armour
  1325 | D:2      | Reached XP level 4. HP: 35/38 MP: 7/7
  1645 | D:2      | Found a burning altar of Makhleb.
  2152 | D:3      | Reached XP level 5. HP: 37/44 MP: 9/9
  2778 | D:4      | You fall through a shaft!
  2778 | D:5      | Entered Level 5 of the Dungeon
  2780 | D:5      | Noticed a centaur
  2790 | D:5      | Killed a centaur
  2790 | D:5      | Reached skill level 1 in Maces & Flails
  2802 | D:5      | Reached XP level 6. HP: 24/52 MP: 10/10
  2832 | D:5      | Found a staircase to the Ecumenical Temple.
  2840 | Temple   | Entered the Ecumenical Temple
  3071 | D:5      | Reached skill level 6 in Evocations
  3304 | D:5      | Noticed a sky beast
  3331 | D:5      | Killed a sky beast
  3397 | D:5      | Noticed an ice beast
  3413 | D:5      | Reached XP level 7. HP: 16/60 MP: 11/11
  3487 | D:4      | Gained mutation: Armour fits poorly on your strangely shaped body. [potion of mutation]
  3487 | D:4      | Gained mutation: You are somewhat resistant to further mutation. [potion of mutation]
  3721 | D:4      | Reached skill level 5 in Dodging
  3915 | D:4      | Reached skill level 7 in Evocations
  4252 | D:4      | Found a white marble altar of Elyvilon.
  4337 | D:3      | Found a shimmering altar of Xom.
  4497 | D:5      | Killed an ice beast
  4513 | D:5      | Reached XP level 8. HP: 35/68 MP: 11/11
  4880 | D:5      | Found a shadowy altar of Dithmenos.
  4881 | D:5      | Noticed YrmMerkstave's ghost (novice DsNe)
  5088 | D:6      | Found a bloodstained altar of Trog.
  5632 | D:5      | HP: 3/69 [YrmMerkstave's ghost/vampiric draining (17)]
  5975 | D:6      | Reached skill level 8 in Dodging
  6549 | D:7      | Noticed pedritolo's ghost (novice OgCK)
  6805 | D:7      | Found an opulent altar of Gozag.
  6827 | D:7      | Noticed Duvessa
  6827 | D:7      | Noticed Dowan
  6841 | D:7      | Killed Duvessa
  6841 | D:7      | Gained mutation: You passively map the area around you. [Deep Dwarf growth]
  6841 | D:7      | Reached XP level 9. HP: 45/76 MP: 10/10
  6852 | D:7      | Killed Dowan
  7554 | D:8      | Reached skill level 1 in Axes
  7554 | D:8      | Reached skill level 9 in Dodging
  7796 | D:8      | Got an ichor-stained helmet
  7802 | D:8      | Identified the -4 helmet "Qougyten" {rElec Int+3 SInv Stlth-} (You found it on level 8 of the Dungeon)
  8405 | D:9      | Noticed a queen bee
  8455 | D:9      | Reached skill level 5 in Maces & Flails
  8465 | D:10     | Entered Level 10 of the Dungeon
  8465 | D:10     | Found Iggonaenn's Armour Shoppe.
  8581 | D:10     | Reached skill level 10 in Dodging
  8651 | D:10     | Noticed an unseen horror
  8655 | D:10     | Found Farul's Magic Scroll Shoppe.
  8666 | D:10     | Killed an unseen horror
  8666 | D:10     | Reached XP level 10. HP: 38/87 MP: 11/11
  8674 | D:10     | Bought a scroll of recharging for 142 gold pieces
  8701 | D:10     | Found Cuag's Weapon Emporium.
  8714 | D:10     | Found Zusana's Assorted Antiques.
  8720 | D:10     | Bought a sparkling bronze ring for 140 gold pieces
  8721 | D:10     | Identified the ring "Ranop" {*Tele Dex+3 SInv} (You bought it in a shop on level 10 of the Dungeon)
  8802 | D:10     | Got a bloodstained ring mail
  8813 | D:10     | Identified the +4 ring mail of Somewhere Else {*Drain *Confuse rN++ rCorr} (You found it on level 10 of the Dungeon)
  8819 | D:10     | Found Finim's Antique Weapon Shop.
  8962 | D:10     | Noticed st0uf's ghost (journeyman DrTm)
  9077 | D:9      | Reached skill level 11 in Dodging
  9245 | D:9      | HP: 3/87 [killer bee (4)]
  9416 | D:9      | Reached skill level 5 in Fighting
  9431 | D:9      | Found a shimmering altar of Xom.
  9448 | D:9      | Reached skill level 5 in Armour
  9476 | D:9      | Found an oddly glowing altar of Pakellas.
  9484 | D:9      | Became a worshipper of Pakellas the Inventive
  9501 | D:9      | Gained mutation: You are frail (-10% HP). [potion of mutation]
  9502 | D:9      | Lost mutation: Armour fits poorly on your strangely shaped body. [potion of cure mutation]
  9502 | D:9      | Lost mutation: You are frail (-10% HP). [potion of cure mutation]
  9502 | D:9      | Lost mutation: You are somewhat resistant to further mutation. [potion of cure mutation]
  9646 | D:9      | Found a sacrificial altar of Ru.
  9684 | D:9      | Found a basalt altar of Yredelemnul.
  9918 | D:10     | Killed st0uf's ghost
  9918 | D:10     | Reached skill level 12 in Dodging
 10056 | D:10     | Reached * piety under Pakellas
 10082 | D:10     | Found a staircase to the Orcish Mines.
 10095 | D:10     | Reached XP level 11. HP: 44/96 MP: 9/9
 10331 | D:11     | Reached ** piety under Pakellas
 10331 | D:11     | Received a gift from Pakellas
 10505 | D:11     | Found a staircase to the Lair.
 10511 | D:11     | Reached skill level 5 in Axes
 10651 | D:11     | Noticed a hill giant
 10655 | D:11     | a hill giant changed into a swamp worm
 10792 | Lair:1   | Entered Level 1 of the Lair of Beasts
 10808 | Lair:1   | Noticed a six-headed hydra
 10817 | Lair:1   | Killed a one-headed hydra
 10993 | Lair:1   | Noticed a six-headed hydra
 11007 | Lair:1   | Killed a six-headed hydra
 11007 | Lair:1   | Reached skill level 5 in Stealth
 11010 | Lair:1   | Reached skill level 13 in Dodging
 11014 | Lair:1   | Noticed a six-headed hydra
 11026 | Lair:1   | HP: 3/97 [five-headed hydra (11)]
 11027 | Lair:1   | Slain by a five-headed hydra

Vault maps used:
D:1:      dpeg_arrival_water_fire
D:2:      lemuel_doored_altar, makhleb_heckhound_becter
D:3:      lemuel_upstairs_altar
D:4:      nicolae_overflow_hidden_temple
D:5:      nicolae_dithmenos_the_darkroom, minmay_temple_entry_junction,
          first_bread
D:6:      trog_hazing_becter
D:7:      kennysheep_flooded_box, uniq_duvessa
D:9:      lemuel_round_altar, old_standard_altar, grunt_temple_overflow_open,
          david_nohive_1
D:10:     erik_orc_1, serial_shops, nicolae_shop_statue_plus, shop_fountains,
          shop_scrolls, shop, nicolae_shop_waterfront
D:11:     grunt_lair_entry_orc_guard_hut
Temple:   chambers_temple_12
Lair:1:   basic_altar, grunt_megastairs_5

Action                   |  1- 3 |  4- 6 |  7- 9 | 10-12 || total
-------------------------+-------+-------+-------+-------++-------
Melee: Short sword       |    39 |       |       |    24 ||    63
       Whip              |    47 |   114 |   352 |    68 ||   581
       Mace              |       |       |   240 |    32 ||   272
       Battleaxe         |       |       |    68 |   310 ||   378
       Hand axe          |       |       |    11 |    24 ||    35
Invok: Quick Charge      |       |       |       |     5 ||     5
 Abil: Device Recharging |       |       |     4 |     3 ||     7
Evoke: Wand              |    26 |    26 |    31 |    30 ||   113
  Use: Scroll            |     1 |     5 |    12 |     5 ||    23
       Potion            |       |     4 |    15 |    12 ||    31
 Stab: Sleeping          |     3 |     1 |     5 |       ||     9
       Invisible         |       |       |     1 |       ||     1
       Confused          |       |       |       |     1 ||     1
  Eat: Chunk             |     1 |    17 |    17 |     5 ||    40
